Khor, neutral male gnomish Archeologist --- ----..--- ........ --- -........--..--- ---- ...........G. ... -............---..- |...............G.. |............. ... -............)..- |...G....... ...| .........*.-...-- -.... f....| --....G......| --........--- |.......-- |....---- ---.-- --- Khor the Field Worker Experience level: 3 Strength: 10 Dexterity: 12 Constitution: 16 Intelligence: 15 Wisdom: 15 Charisma: 10 Health: 0(25) Energy: 18(18) AC: 9 Gold: 539 Moves: 1295 Your Inventory: Coins $ - 539 gold pieces Weapons a - an uncursed +2 bullwhip Armor c - an uncursed +0 fedora (being worn) h - an uncursed +0 leather jacket (being worn) t - an [uncursed +0] plumed helmet [of telepathy] u - an [uncursed +1] ornamental cope [cloak of invisibility] v - a [cursed -1] pair of snow boots [levitation] Comestibles d - 6 uncursed food rations n - an [uncursed stale] egg o - an [uncursed] coffee bean Scrolls q - a [cursed] scroll labeled PRATYAVAYAH [of flood] Spellbooks k - an [uncursed] bronze spellbook [of create monster] r - an [uncursed] left-handed spellbook [of haste self] s - an [uncursed] mottled spellbook [of cure blindness] Rings j - an [uncursed] coral ring [of searching] l - a [cursed] emerald ring [of teleportation] Tools b - an uncursed sack f - an uncursed tinning kit (0:82) p - an uncursed +0 pick-axe (weapon in hand) Gems g - an uncursed touchstone Spells known in the end: Name Level Category Fail Memory Your skills at the end: Fighting Skills Weapon Skills pick-axe [Basic / Expert] sling [Basic / Skilled] whip [Basic / Expert] Spellcasting Skills Final Attributes: You were devoutly aligned. Hunger level was 472. Your alignment was 15 / 16. Monster difficulty range was 0 - 3. Level difficulty was 4. You had infravision. You were stealthy. You were fast. Your luck was zero. You are dead. Vanquished creatures: 3 hobbits a gnome 2 geckos 3 jackals 3 goblins 3 sewer rats a bat a kobold zombie 4 newts 21 creatures vanquished. Voluntary challenges: You were an atheist. You pretended to be a vegetarian. You used a wielded weapon 22 times. You read items or engraved 10 times. You put on armor 2 times. You never genocided any monsters. You never polymorphed an object. You never changed form. You used no wishes. You wrote Elbereth's name 6 times. You encountered 1 bones level. You never used any Sokoban shortcuts. Dungeon overview: The Dungeons of Doom: levels 1 to 6 Level 1 a fountain, a sink a long staircase Level 2 a jewelry store Level 3 an armor shop stairs to The Gnomish Mines Level 5 a fountain The Gnomish Mines: Level 4 <- You were here stairs to The Dungeons of Doom History has recorded: On T:1 you entered the Dungeons of Doom to retrieve the Amulet of Yendor! On T:369 you reached level 2 of The Dungeons of Doom. On T:454 you reached level 5 of The Dungeons of Doom. On T:469 you reached level 6 of The Dungeons of Doom. On T:473 you advanced to experience level 2. On T:576 you reached level 4 of The Dungeons of Doom. On T:594 you reached level 3 of The Dungeons of Doom. On T:878 you advanced to experience level 3. On T:1283 you reached level 1 of The Gnomish Mines. Latest messages: The housecat bites! You hit the housecat! The housecat bites! You miss the housecat. You hit the housecat. Federico's ghost touches you! The housecat bites! (2x) Never mind. You write "Elbereth" with your fingers into the dust. The housecat turns to flee! You add "Elbereth" with your fingers to the writing in the dust. (3x) Federico's ghost turns to flee! You add "Elbereth" with your fingers to the writing in the dust. (2x) Never mind. You miss federico's ghost. (2x) You add "Elbereth" with your fingers to the writing in the dust. You miss the housecat. Federico's ghost touches you! The housecat bites! You die... The sack is empty. Final status: Goodbye Khor the Archeologist... You died in The Gnomish Mines on dungeon level 4 with 860 points, and 539 pieces of gold, after 1295 moves. You were level 3 with a maximum of 25 hit points when you died.